 Dungeon Crawl Stone Soup version 0.28.0 (webtiles) character file.

Game seed: 1184801710736977686

996 porpoise the Skirmisher (level 8, -1/60 HPs)
             Began as a Djinni Fire Elementalist on Feb 9, 2022.
             Slain by a two-headed ogre (16 damage)
             ... on level 6 of the Dungeon on Feb 10, 2022.
             The game lasted 00:28:51 (7470 turns).

porpoise the Skirmisher (Djinni Fire Elementalist)  Turns: 7470, Time: 00:28:52

Health: -1/60      AC:  3    Str:  9    XL:     8   Next: 42%
Gold:   280        EV: 12    Int: 18    God:
                   SH:  5    Dex: 13

rFire   + + .      SeeInvis .   a - +1 dagger (venom)
rCold   . . .      Faith    .   (no shield)
rNeg    . . .      Spirit   .   i - +0 robe
rPois   ∞          Reflect  +   (no helmet)
rElec   .          Harm     .   (no cloak)
rCorr   .          Rampage  .   r - +0 pair of gloves
Will    +....                   (boots unavailable)
Stlth   ++........              x - amulet "Alotaj" {Reflect rC+ SH+5}
HPRegen 0.20/turn               h - ring of willpower
MPRegen 0.00/turn               (no ring)

@: flying
A: sickness immunity, fire resistance 2, cold vulnerability 1, float, innate
caster, HP casting, extra vitality 1
a: no special abilities


You were on level 6 of the Dungeon.
You visited 1 branch of the dungeon, and saw 6 of its levels.

You collected 280 gold pieces.

Inventory:

Hand Weapons
 a - a +1 dagger of venom (weapon)
 b - a +0 hunting sling
 w - a +2 short sword of holy wrath
Missiles
 d - 3 boomerangs of dispersal
 e - 196 stones
 j - 58 sling bullets
 k - 58 arrows
 q - 10 poisoned darts
 u - 30 bolts
Armour
 i - a +0 robe (worn)
 r - a +0 pair of gloves (worn)
Jewellery
 c - an amulet of faith
 h - a ring of willpower (left hand)
 x - the amulet "Alotaj" (around neck) {Reflect rC+ SH+5}
   (You found it on level 5 of the Dungeon)

   [amulet of reflection]

   It reflects blocked missile attacks.
   rC:        It protects you from cold.
   SH:        It affects your SH (+5).
Wands
 l - a wand of flame (21)
 o - a wand of polymorph (10)
Scrolls
 f - a scroll of brand weapon {unknown}
 g - 2 scrolls of noise
 m - a scroll of fear
 n - a scroll of vulnerability
 s - a scroll of enchant weapon {unknown}
 v - a scroll of teleportation
 y - a scroll of amnesia {unknown}
Potions
 p - a potion of mutation {unknown}
 t - a potion of haste {unknown}
 z - 3 potions of resistance
 A - a potion of invisibility {unknown}


   Skills:
 * Level 5.6 Fighting
 - Level 2.1 Dodging
 + Level 4.0 Stealth
 * Level 5.1 Spellcasting


You couldn't memorise any spells.
You knew the following spells:

 Your Spells              Type           Power      Damage    Failure   Level
a - Foxfire               Conj/Fire      88%        2x1d8     1%          1
b - Scorch                Fire           44%        2d7       2%          2
c - Conjure Flame         Conj/Fire      22%        6-21      4%          3
d - Inner Flame           Hex/Fire       22%        N/A       4%          3
e - Flame Wave            Conj/Fire      22%        2d7       16%         4
g - Summon Guardian Gole  Hex/Summ       22%        N/A       4%          3
q - Apportation           Tloc           44%        N/A       1%          1
r - Corpse Rot            Necr/Air       44%        N/A       2%          2
Your spell library was empty.

Dungeon Overview and Level Annotations

Branches:
Dungeon (6/15)
 Temple: D:4-7

Altars:
Gozag
Hepliaklqana
Makhleb
Zin

Annotations:
D:3 dig


Innate Abilities, Weirdness & Mutations

You are immune to sickness and miasma.
You are immune to poison.
Your flesh is very heat resistant. (rF++)
You are vulnerable to cold. (rC-)
You float through the air rather than walking.
You learn spells naturally, not from books.
Your magical power is your life essence.
You have superior vitality. (+4 MHP)


Message History

The two-headed ogre is lightly wounded.
The foxfire hits the two-headed ogre.
The two-headed ogre is lightly wounded.
Casting: Foxfire (safe; 1% risk of failure)
Confirm with . or Enter, or press ? or * to list all spells.
You can't see any susceptible monsters within range! (Use Z to cast anyway.)
Casting: Foxfire (safe; 1% risk of failure)
Confirm with . or Enter, or press ? or * to list all spells.
You conjure some foxfire!
You shoot a stone. The stone hits the two-headed ogre.
The two-headed ogre is moderately wounded.
The foxfire hits the two-headed ogre!
The two-headed ogre is moderately wounded.
The foxfire hits the two-headed ogre.
The two-headed ogre is heavily wounded.
Casting: Foxfire (safe; 1% risk of failure)
Confirm with . or Enter, or press ? or * to list all spells.
Flames lash the two-headed ogre.
The two-headed ogre is severely wounded.
The two-headed ogre's fire resistance burns away.
A necrophage comes into view.
Casting: Scorch (safe; 2% risk of failure)
Confirm with . or Enter, or press ? or * to list all spells.
You conjure some foxfire!
Your +1 dagger of venom begins to drip with poison!
a - a +1 dagger of venom (weapon)
The foxfire hits the two-headed ogre.
The two-headed ogre is burned terribly!
The two-headed ogre is severely wounded.
The foxfire hits the two-headed ogre!
The two-headed ogre is burned terribly!
The two-headed ogre is almost dead.
The two-headed ogre hits you with a +0 giant spiked club!!
Ouch! That really hurt!
The two-headed ogre hits you with a +0 dire flail.
* * * LOW HITPOINT WARNING * * *
Casting: Foxfire (safe; 1% risk of failure)
Confirm with . or Enter, or press ? or * to list all spells.
You conjure some foxfire!
* * * LOW HITPOINT WARNING * * *
The two-headed ogre hits you with a +0 giant spiked club!
You die...

#...........##
.......[..#..# ..###
#........#..# . .....
#...........#... #....
###....n........# ##....
##.........<....####.....
..........#####.##.#.....
.......vO.#..8#.##.......
...$.$.v@...._#.#...Z<...
..........#..8#..........
....##..#.#####....h.)...
..........>.#............
.......[....###..........
.....................###
.##.........#.........#
#..?..........Y.......
##...........


You could see a two-headed ogre (combustible, ally target) and a necrophage.

Vanquished Creatures
  Menkaure (D:6)
  A water moccasin (D:6)
  A black bear (D:5)
  A phantom (D:2)
  A scorpion (D:5)
  A wyvern zombie (D:4)
  A water moccasin zombie (D:5)
  A water moccasin skeleton (D:5)
  2 centaur zombies (D:5)
  A jelly (D:4)
  2 hounds (D:5)
  2 iguanas
  3 adders
  3 gnolls (D:2)
  A shadow imp (D:5)
  2 worms (D:3)
  4 dart slugs
  7 orcs (D:4)
  7 bats
  9 endoplasms
  4 giant cockroaches
  6 goblins
  5 hobgoblins
  10 jackals
  7 quokkas
  8 ball pythons
  5 frilled lizards
  12 kobolds
  6 rats
114 creatures vanquished.

Vanquished Creatures (collateral kills)
  A foxfire (D:3)
1 creature vanquished.

Vanquished Creatures (others)
  An endoplasm (D:3)
  348 foxfires
  16 plants (D:3)
365 creatures vanquished.

Grand Total: 480 creatures vanquished

Notes
Turn   | Place    | Note
-------+----------+-------------------------------------------
     0 | D:1      | porpoise the Djinni Fire Elementalist began the quest for
                  | the Orb.
     0 | D:1      | Reached XP level 1. HP: 15/15 MP: 0/0
   187 | D:1      | Reached XP level 2. HP: 16/22 MP: 0/0
   312 | D:1      | Reached skill level 1 in Fighting
   807 | D:1      | Reached XP level 3. HP: 23/27 MP: 0/0
   807 | D:1      | Learned a level 1 spell: Apportation
  1067 | D:1      | Found a faded altar of an unknown god.
  1647 | D:2      | Reached XP level 4. HP: 17/33 MP: 0/0
  2382 | D:2      | Reached XP level 5. HP: 37/39 MP: 0/0
  2382 | D:2      | Learned a level 2 spell: Corpse Rot
  2450 | D:2      | Noticed a phantom
  2467 | D:2      | Killed a phantom
  3224 | D:3      | Found a glowing silver altar of Zin.
  3540 | D:3      | Reached XP level 6. HP: 39/46 MP: 0/0
  3790 | D:3      | You are sucked into a shaft and drop 3 floors!
  3791 | D:6      | Noticed a sky beast
  3799 | D:5      | Entered Level 5 of the Dungeon
  4155 | D:5      | Reached XP level 7. HP: 36/52 MP: 0/0
  4155 | D:5      | Learned a level 3 spell: Summon Guardian Golem
  6313 | D:4      | Found a burning altar of Makhleb.
  6647 | D:5      | Identified the amulet "Alotaj" {Reflect rC+ SH+5}
  6657 | D:5      | Found a hazy altar of Hepliaklqana.
  6805 | D:5      | Reached skill level 5 in Fighting
  6805 | D:5      | Reached XP level 8. HP: 24/59 MP: 0/0
  7145 | D:6      | Noticed Menkaure
  7193 | D:6      | Killed Menkaure
  7416 | D:6      | Found an opulent altar of Gozag.
  7444 | D:6      | Reached skill level 5 in Spellcasting
  7460 | D:6      | Noticed a two-headed ogre
  7470 | D:6      | Slain by a two-headed ogre

Illustrated notes

Levels and vault maps discovered:
D:1:      saegor_arrival_under_anarchy, layout_basic,
          hellmonk_ecumenical_altar_run_dry, minmay_pentomino_r2
D:2:      minmay_inner_zag, layout_basic
D:3:      layout_loops_ring, zin_treasury, lexackson_kobold_supper
D:4:      layout_cave_pools, lightli_temple_of_fire, kennysheep_generic_room_8
D:5:      layout_loops_ring, nzn_hepliaklqana_mist_gate
D:6:      layout_cave_pools, grunt_gozag_breadcrumbs, serial_rivers,
          chequers_serial_rivers_marsh, chequers_serial_rivers_micro_a,
          chequers_serial_rivers_small_3, chequers_serial_rivers_room_a,
          kennysheep_small_circle, uniq_menkaure

Skill      XL: |  1  2  3  4  5  6  7  8 |
---------------+-------------------------+-----
Fighting       | 1 2 3 4 5 |  5.6
Stealth        | 2 3 4 |  4.0
Spellcasting   | 3 4 5 |  5.1
Dodging        | |  2.1

Action                   |  1- 3 |  4- 6 |  7- 9 || total
-------------------------+-------+-------+-------++-------
Melee: Dagger            |     4 |    10 |    33 ||    47
 Fire: Hunting sling     |     3 |    30 |    11 ||    44
 Cast: Foxfire           |    56 |    70 |    91 ||   217
       Scorch            |       |       |     3 ||     3
       Conjure Flame     |       |       |     2 ||     2
       Inner Flame       |       |       |     1 ||     1
       Summon Guardian G |       |       |     1 ||     1
  Use: Scroll            |       |       |     9 ||     9
 Stab: Sleeping          |       |     1 |       ||     1
Armor: Robe              |     4 |     6 |    11 ||    21
Dodge: Dodged            |    21 |    23 |    74 ||   118
Block: Other             |       |       |     4 ||     4
